 Dungeon Crawl Stone Soup version 0.32-a0-898-g7811c86cf0 (webtiles) character file.

Game seed: 10095601520973733471

14 KennySheep the Sneak (level 2, -4/25 HPs)
             Began as an Armataur Delver on Apr 5, 2024.
             Slain by a hell rat (17 damage)
             ... in a sewer.
             The game lasted 00:02:01 (189 turns).

KennySheep the Sneak (Armataur Delver)               Turns: 189, Time: 00:02:02

Health: -4/25      AC:  4    Str: 17    XL:     2   Next: 31%
Magic:  2/2        EV:  8    Int: 10    God:
Gold:   29         SH:  0    Dex: 11    Spells: 1/1 levels left

rFire   . . .        a - +0 short sword
rCold   . . .        (no shield)
rNeg    . . .        b - +0 leather armour
rPois   .            (no helmet)
rElec   .            (no cloak)
rCorr   .            (no gloves)
SInv    .            (no barding)
Will    .....        h - amulet of magic regeneration
Stlth   +++          (no ring)
HPRegen 0.24/turn    (no ring)
MPRegen 0.48/turn

%: roll
@: no status effects
A: large, deformed body, tough skin 3, armoured tail, rollpage 1
a: no special abilities


You were in a sewer.
You visited 1 branch of the dungeon, and saw 2 of its levels.
You also visited: Sewer.

You collected 29 gold pieces.

Inventory:

Hand Weapons
 a - a +0 short sword (weapon)
Armour
 b - a +0 leather armour (worn)
Jewellery
 d - a ring of wizardry
 h - an amulet of magic regeneration (around neck)
Wands
 g - a wand of digging (3)
Scrolls
 c - a scroll of fog


   Skills:
 + Level 2.8 Fighting
 * Level 2.2 Short Blades
 - Level 1.3 Dodging
 * Level 5.7 Stealth


You had one spell level left.
You didn't know any spells.
Your spell library was empty.

Dungeon Overview and Level Annotations

Branches:
Dungeon (5/15)              Sewer (1/1)
 Temple: D:4-7

Altars:

Annotations:
D:4 1 transporter


Innate Abilities, Weirdness & Mutations

Armour fits poorly on your strangely shaped body.
You have extremely tough skin. (AC +3)
You have a long armoured tail.
You regenerate magic when rolling toward enemies. (Rampage MPRegen)


Message History

Your extra speed is starting to run out.
You enter the shallow water.
You see here a rat corpse.
The rat squeaks loudly.
You barely miss the rat. You hit the rat.
You kill the rat!
You feel yourself slow down.
You start resting.
A river rat comes into view.
A river rat is nearby!
You see here a rat corpse.
The river rat squeaks loudly.
You aren't carrying any potions.
Unknown command.
As you read the scroll labelled INKAN JOXTAEPE, it crumbles to dust.
You feel strangely unstable.
It was a scroll of teleportation.
You hit the river rat.
The river rat is lightly wounded.
The river rat bites you but does no damage.
You barely miss the river rat.
The river rat is lightly wounded.
You hit the river rat but do no damage.
The river rat is lightly wounded.
The river rat bites you!
You closely miss the river rat.
The river rat is lightly wounded.
The river rat bites you.
You hit the river rat but do no damage. You tail-slap the river rat.
The river rat is heavily wounded.
Your surroundings suddenly seem different.
Splash!
You fall into the shallow water.
A hell rat comes into view.
Found seven items.
Found a gate leading back out of this place.
The hell rat roars deafeningly!
The hell rat bites you!
Ouch! That really hurt!
You die...

#########
##.~~∩~~.###
#.~~~~∩~~~~.###
~~.~~#####.~.†.#
~.~###!∩?###r~.#
~~##~?!!?!~##~~~#
~ #~.~~r@.~.#.~~#
##.~~~~~~##.~.#
###~~.###~~.##
##+## .~.~# ~~###
.##


You could see a hell rat.

Vanquished Creatures
  A river rat (D:4)
  An endoplasm (D:4)
  A ball python (D:4)
  5 rats
8 creatures vanquished.

Notes
Turn   | Place    | Note
-------+----------+-------------------------------------------
     0 | D:5      | KennySheep the Armataur Delver began the quest for the Orb.
     0 | D:5      | Reached XP level 1. HP: 18/18 MP: 1/1
    31 | D:4      | Found a transporter.
    89 | D:4      | Found a glowing drain.
   119 | D:4      | Reached XP level 2. HP: 9/25 MP: 2/2
   131 | Sewer    | Entered a sewer
   189 | Sewer    | Slain by a hell rat

Illustrated notes

Levels and vault maps discovered:
D:4:      gammafunk_cloud_chamber, layout_basic, serial_shops,
          nicolae_shop_trees, portal_sewer_entry_a, serial_forest,
          infiniplex_forest_straight_5, infiniplex_forest_lined_3,
          infiniplex_forest_end_2, infiniplex_forest_zigzag_1,
          infiniplex_forest_lined_3_way, infiniplex_forest_straight_2,
          infiniplex_forest_join, infiniplex_forest_zigzag_1,
          infiniplex_forest_clump_small
D:5:      kennysheep_spiral_hall, layout_basic
Sewer:    sewer_hellmonk_bad_rat

Skill      XL: |  1 |
---------------+----+-----
Short Blades   | 2 |  2.2
Fighting       | |  2.8
Dodging        | |  1.3
Stealth        | |  5.7

Action                     || total
---------------------------++-------
  Melee: Short sword       ||    32
         Tailslap          ||     3
    Use: Scroll            ||     3
         Potion            ||     1
   Stab: Sleeping          ||     1
 Armour: Leather armour    ||    12
  Dodge: Dodged            ||     7

Table legend: (Time is in decaauts)
 A = Elapsed time spent in this place.
 B = Non-inter-level travel time spent in this place.
 C = Inter-level travel time spent in this place.
 D = Time resting spent in this place.
 E = Time spent auto-exploring this place.
 F = Levels seen in this place.
 G = Mean time per level.
                   A        B        C        D        E       F      G
               +--------+--------+--------+--------+--------+-----+--------+
         Total |    169 |    169 |      0 |     35 |      7 |   3 |   56.3 |
       Dungeon |    123 |    123 |      0 |     10 |      7 |   2 |   61.5 |
         Sewer |     45 |     45 |      0 |     25 |      0 |   1 |   45.0 |
               +--------+--------+--------+--------+--------+-----+--------+

Top non-repeatable levels by time:
     D:4: 98 daAuts
   Sewer: 45 daAuts
     D:5: 25 daAuts
